 Dungeon Crawl Stone Soup version bcrawl-1.39.1 (webtiles) character file.

Game seed: 7615927920157867865

193505 Grijm the Twirler (level 7, -2/63 HPs)
             Began as a Pale Draconian Monk on Sept 26, 2023.
             Slain by Duvessa
             ... wielding a +2 short sword of draining
              (10 damage)
             ... on level 4 of the Dungeon.
             The game lasted 00:17:22 (5074 turns).

Grijm the Twirler (Pale Draconian Monk)             Turns: 5074, Time: 00:17:23

Health: -2/63      AC:  8    Str: 15    XL:     7   Next: 71%
Magic:  0/8        EV: 11    Int: 11    God:
Gold:   280        SH:  0    Dex: 13    Spells: 6/6 levels left

rFire    . . .     GDR:     25% a - +0 quarterstaff
rCold    + + .     SeeInvis .   (shield currently unavailable)
rNeg     . . .     Gourm    .   (armour unavailable)
rPois    .         Faith    .   b - +1 hat
rElec    .         Spirit   +   G - +0 cloak
rCorr    .         Reflect  .   (no gloves)
MR       .....                  (no boots)
Stlth    +.........             c - amulet of guardian spirit
HPRegen  0.20/turn              z - ring of protection from cold
MPRegen  0.11/turn              r - ring of protection from cold (curse)

@: short of breath, very heavily drained
A: breathe steam, unfitting armour, cold-blooded, AC +6
a: Breathe Steam


You were on level 4 of the Dungeon.
You were hungry.

You visited 2 branches of the dungeon, and saw 7 of its levels.

You collected 370 gold pieces.
You spent 90 gold pieces at shops.

Inventory:

Hand Weapons
 a - a +0 quarterstaff (weapon)
 s - a +0 hunting sling
 I - a cursed +0 broad axe
Missiles
 f - 77 poisoned needles
 g - 422 arrows
 k - 1622 stones (quivered)
 m - 457 sling bullets
 v - 129 bolts
Armour
 b - a +1 hat (worn)
 G - a +0 cloak (worn)
Jewellery
 c - an amulet of guardian spirit (around neck)
 q - an uncursed ring of wizardry
 r - a cursed ring of protection from cold (right hand)
 w - an uncursed ring of flight
 z - a ring of protection from cold (left hand)
 H - a +3 ring of intelligence
Wands
 t - a wand of charming (10)
 u - a wand of digging (22)
Scrolls
 d - 4 scrolls of remove curse
 h - 2 scrolls of amnesia
 i - a scroll of enchant weapon {unknown}
 y - a scroll of revelation
 B - 4 scrolls of immolation
 D - 2 scrolls of teleportation
Potions
 j - 2 potions of invisibility
 l - a potion of resistance {unknown}
 n - 2 potions of agility
 o - a potion of might
 p - a potion of degeneration {unknown}
 x - a potion of curing
 A - a potion of cancellation {unknown}
 C - a potion of brilliance {unknown}
 E - 2 potions of lignification
 F - a potion of mutation {unknown}
Comestibles
 e - 10 rations {!d}
 J - 4 chunks of flesh


   Skills:
 - Level 6.0(2.7) Fighting
 + Level 7.1(3.8) Staves
 - Level 2.0(0.0) Slings
 - Level 3.0(0.0) Dodging
 - Level 2.0(0.0) Stealth
   Level 2.1(0.0) Invocations
 - Level 2.1(0.0) Evocations


You had 6 spell levels left.
You didn't know any spells.
Your spell library was empty.

Dungeon Overview and Level Annotations

Branches:
Dungeon (6/12)             Temple (1/1) D:4

Altars:
Ashenzari
Cheibriados
Dithmenos
Elyvilon
Fedhas
Gozag
Lugonu
Makhleb
Okawaru
Qazlal
Sif Muna
Uskayaw
Vehumet
Wu Jian
Xom
Yredelemnul
Zin

Shops:
D:4 *

Annotations:
D:3 exclusion: sky beast
D:4 Duvessa


Innate Abilities, Weirdness & Mutations

You can breathe blasts of scalding, opaque steam.
Your pale cyan-grey scales are hard. (AC +6)
You cannot fit into any form of body armour.
You are cold-blooded and may be slowed by cold attacks.


Message History

Duvessa hits you with a +2 short sword of draining!
* * * LOW HITPOINT WARNING * * *
You feel drained.
* * * LOW HITPOINT WARNING * * *
Okay, then.
You feel better. Duvessa closely misses you.
You have got your breath back.
Duvessa hits you with a +2 short sword of draining!
* * * LOW HITPOINT WARNING * * *
You feel drained.
* * * LOW HITPOINT WARNING * * *
Use which ability? (? or * to list)
Press: ? - help, Shift-Dir - straight line, f/p - Duvessa
Aim: Duvessa, wielding a +2 short sword of draining and wearing a +0 leather armour (severely wounded, berserk, fast, unusually strong)
You exhale a blast of scalding steam.
The ball of steam hits Duvessa!
Duvessa is severely wounded.
You feel somewhat more hungry.
Duvessa is engulfed in a cloud of scalding steam.
Duvessa hits you with a +2 short sword of draining!
You die...

#..##..#....##...######
##.##.....>......# ##
#.....##....#...# .#
###..#..#....#.## .#
#.....#.#..#.# .#
#.#..#...##..# .####
##.##.......))# ....###
#......######.#
###...####
##.##@#..####..#
###....###..##e##......##
####.....###.####.####
#........e..)# #.####
##.#########.... #..).#
##..# ##...#####.########
#..## ###..####).......#
##.## #...###.......#
##..# #.............#


You could see Duvessa (berserk).

Vanquished Creatures
  A phantom (D:4)
  A sky beast (D:5)
  A necrophage (D:6)
  Dowan (D:4)
  2 crimson imps (D:5)
  A jelly (D:4)
  3 orc wizards
  A gnoll shaman (D:5)
  A hound (D:5)
  2 iguanas (D:5)
  3 worker ants
  3 gnolls (D:5)
  5 adders
  A shadow imp (D:5)
  An ooze (D:2)
  2 adder skeletons
  4 worms
  A dart slug (D:2)
  5 leopard geckos
  6 orcs
  2 ball pythons
  4 bats
  2 giant cockroaches (D:1)
  8 goblins
  5 hobgoblins
  3 jackals (D:1)
  4 kobolds
  3 quokkas
  2 frilled lizards
  A quokka skeleton (D:4)
  A quokka zombie (D:5)
  5 rats
85 creatures vanquished.

Vanquished Creatures (others)
  A butterfly (D:4)
  3 fungi (D:6)
4 creatures vanquished.

Grand Total: 89 creatures vanquished

Notes
Turn   | Place    | Note
-------+----------+-------------------------------------------
     0 | D:1      | Grijm the Draconian Monk began the quest for the Orb.
     0 | D:1      | Reached XP level 1. HP: 19/19 MP: 2/2
    66 | D:1      | Reached XP level 2. HP: 26/26 MP: 3/3
   715 | D:2      | Reached XP level 3. HP: 33/33 MP: 4/4
   817 | D:2      | Found a snail-covered altar of Cheibriados.
  1041 | D:2      | Reached skill level 4 in Staves
  1274 | D:2      | Found a glowing silver altar of Zin.
  1313 | D:2      | Reached XP level 4. HP: 40/40 MP: 5/5
  1777 | D:3      | Reached skill level 1 in Evocations
  2075 | D:3      | Noticed a sky beast
  2217 | D:3      | Reached XP level 5. HP: 47/47 MP: 6/6
  2397 | D:4      | Found a staircase to the Ecumenical Temple.
  2410 | Temple   | Entered the Ecumenical Temple
  2519 | D:4      | Reached skill level 5 in Fighting
  2591 | D:4      | Noticed Duvessa
  2622 | D:4      | Noticed a phantom
  2692 | D:4      | Killed a phantom
  2693 | D:4      | Reached skill level 1 in Slings
  2693 | D:4      | Reached XP level 6. HP: 52/57 MP: 7/7
  2821 | D:4      | Found a white marble altar of Elyvilon.
  2866 | D:4      | Found Ytigink's Assorted Antiques.
  2875 | D:4      | Bought a glowing grey potion for 21 gold pieces
  2875 | D:4      | Bought an emerald potion for 21 gold pieces
  2875 | D:4      | Bought a scroll of identify for 48 gold pieces
  3007 | D:4      | Noticed Dowan
  3383 | D:5      | Entered Level 5 of the Dungeon
  3432 | D:5      | Found an iron altar of Okawaru.
  3710 | D:5      | Noticed a sky beast
  4421 | D:5      | Reached skill level 5 in Staves
  4445 | D:5      | Found a hide-covered altar of Uskayaw.
  4600 | D:6      | Your scales start taking on a pale cyan-grey colour.
  4600 | D:6      | Reached XP level 7. HP: 62/62 MP: 8/8
  4732 | D:5      | Reached skill level 6 in Staves
  5063 | D:4      | Killed Dowan
  5064 | D:4      | Reached skill level 7 in Staves
  5074 | D:4      | Slain by Duvessa

Skill      XL: |  1  2  3  4  5  6  7 |
---------------+----------------------+-----
Dodging        | 3 |  3.0
Fighting       | 4 6 |  6.0
Staves         | 4 5 7 |  7.1
Evocations     | 1 2 |  2.1
Slings         | 1 2 |  2.0
Stealth        | |  2.0
Invocations    | |  2.1

Action                   |  1- 3 |  4- 6 |  7- 9 || total
-------------------------+-------+-------+-------++-------
Melee: Quarterstaff      |    71 |   158 |    36 ||   265
       Tailslap          |     5 |    24 |     4 ||    33
       Unarmed           |       |    20 |       ||    20
 Fire: Hunting sling     |    55 |    90 |       ||   145
Throw: Stone             |     2 |       |     1 ||     3
 Abil: Evoke Flight      |     1 |       |       ||     1
       Breathe Steam     |       |       |     5 ||     5
Evoke: Wand              |       |       |     1 ||     1
  Use: Scroll            |     3 |     8 |       ||    11
       Potion            |       |       |     1 ||     1
 Stab: Sleeping          |     3 |       |       ||     3
  Eat: Chunk             |     5 |    15 |     2 ||    22
       Ration            |       |     1 |       ||     1
Armor: Skin              |    26 |    60 |     9 ||    95
Dodge: Dodged            |    53 |    97 |    15 ||   165
